 Dungeon Crawl Stone Soup version 0.20-a0-641-g673355a (webtiles) character file.

732 RKaid the Ruffian (level 7, 71/71 HPs)
             Began as a Troll Fighter on Feb 14, 2017.
             Quit the game in the Ecumenical Temple.
             The game lasted 00:09:05 (3375 turns).

RKaid the Ruffian (Troll Fighter)                   Turns: 3375, Time: 00:09:05

Health: 71/71      AC:  5    Str: 26    XL:     7   Next: 45%
Magic:  6/6        EV: 10    Int:  4    God:
Gold:   331        SH:  0    Dex: 10    Spells: 6/6 levels left

rFire    . . .     SeeInvis .     - Unarmed
rCold    . . .     Gourm    +   b - +0 robe
rNeg     . . .     Faith    .   (no shield)
rPois    .         Spirit   .   (helmet restricted)
rElec    .         Reflect  .   (no cloak)
rCorr    .         Harm     .   (gloves unavailable)
MR       .....                  (boots unavailable)
Stlth    +.........             (no amulet)
Regen    0.7/turn               (no ring)
MPRegen  0.1/turn               (no ring)

@: no status effects
A: unfitting armour, claws 3, fast metabolism 3, gourmand, regeneration 1,
shaggy fur 1, tough skin 2
a: no special abilities


You were in the Ecumenical Temple.
You were very full.

You visited 2 branches of the dungeon, and saw 6 of its levels.

You collected 331 gold pieces.

Inventory:

Hand Weapons
 a - a +0 flail
Armour
 b - a +0 robe (worn)
 c - a +0 shield
Jewellery
 q - an uncursed amulet of rage {unknown}
Wands
 z - a wand of random effects (32/48)
Scrolls
 e - 4 scrolls of teleportation {unknown}
 h - a scroll of blinking {unknown}
 i - 3 scrolls of remove curse {unknown}
 l - 3 scrolls of fog {unknown}
 m - 3 scrolls of identify {unknown}
 o - a scroll of noise {unknown}
 t - a scroll of magic mapping {unknown}
 x - a scroll of fear {unknown}
 y - a scroll of enchant weapon {unknown}
Potions
 d - 2 potions of might
 g - 3 potions of curing {unknown}
 j - 2 potions of lignification {unknown}
 n - 2 potions of haste {unknown}
 p - 2 potions of agility {unknown}
 r - a potion of resistance {unknown}
 s - a potion of experience {unknown}
 u - 2 potions of magic {unknown}
 w - a potion of brilliance {unknown}
Comestibles
 f - 5 bread rations
 k - a fruit
 v - 3 royal jellies


   Skills:
 + Level 4.7 Fighting
 - Level 4.1 Maces & Flails
 - Level 2.4 Dodging
 - Level 2.4 Shields
 * Level 5.0 Unarmed Combat


You had 6 spell levels left.
You didn't know any spells.

Dungeon Overview and Level Annotations

Branches:
Dungeon (5/15)             Temple (1/1) D:5

Altars:
Ashenzari
Cheibriados
Elyvilon
Fedhas
Hepliaklqana
Kikubaaqudgha
Makhleb
Nemelex Xobeh
Okawaru
Sif Muna
Trog
Uskayaw
Vehumet
Yredelemnul
Zin
The Shining One

Shops:
D:4 (


Innate Abilities, Weirdness & Mutations

You are too large for most types of armour.
You have claws for hands.
Your metabolism is lightning-fast.
You like to eat raw meat.
Your natural rate of healing is unusually fast.
You are covered in fur. (AC +1)
You have very tough skin. (AC +2)


Message History

Take off which item? (? for menu, Esc to quit)
You start removing your armour.
You continue taking off your +0 shield. x4
You finish taking off your +0 shield.
You climb downwards.
Welcome to the Ecumenical Temple!
Found three altars.
There is a staircase back to the Dungeon here.
Found three altars.
Found a glowing silver altar of Zin and a snail-covered altar of Cheibriados.
There is a hide-covered altar of Uskayaw here.
Found a shattered altar of Ashenzari.
There is a hide-covered altar of Uskayaw here.
You kneel at the altar of Uskayaw.
Found an ancient bone altar of Kikubaaqudgha.
There is a hazy altar of Hepliaklqana here.
Found a blossoming altar of Fedhas.
Found a deep blue altar of Sif Muna.
There is a shattered altar of Ashenzari here.
Found a basalt altar of Yredelemnul.
There is a glowing silver altar of Zin here.
Are you sure you want to abandon this character and quit the game? (Confirm with "yes".)

_...#...#..._.....##
...................##
..#..._...#.........#
....................##
_...#...#..._........#
.....................#
..#..._...#...#..._..#
.....................#
_...#...#..._...@....#
....................##
..#..._...#.........#
...................##
_...#...#..._.....##
.................##
......⌠........###
#...........####
#############


There were no monsters in sight!

Vanquished Creatures
  A sky beast (D:3)
  A phantom (D:4)
  2 ogres (D:4)
  A scorpion (D:4)
  A howler monkey (D:4)
  A quasit (D:4)
  3 hounds
  An orc priest (D:4)
  An orc wizard (D:3)
  A worker ant (D:4)
  2 adders
  An ooze (D:2)
  3 leopard geckos
  9 orcs
  4 giant cockroaches
  5 goblins
  4 hobgoblins
  4 jackals (D:2)
  6 kobolds
  A quokka (D:4)
  2 ball pythons
  7 bats
  6 frilled lizards
  8 rats
75 creatures vanquished.

Notes
Turn   | Place    | Note
-------+----------+-------------------------------------------
     0 | D:1      | RKaid the Troll Fighter began the quest for the Orb.
     0 | D:1      | Reached XP level 1. HP: 22/22 MP: 0/0
   274 | D:1      | Reached XP level 2. HP: 28/29 MP: 1/1
  1009 | D:2      | Reached XP level 3. HP: 37/37 MP: 2/2
  1328 | D:2      | Found a faded altar of an unknown god.
  1512 | D:3      | Noticed a sky beast
  1654 | D:3      | Found a white marble altar of Elyvilon.
  1654 | D:3      | Found a radiant altar of Vehumet.
  1817 | D:3      | Killed a sky beast
  1817 | D:3      | Reached XP level 4. HP: 20/46 MP: 3/3
  1817 | D:3      | Reached XP level 5. HP: 23/53 MP: 4/4
  2379 | D:4      | Reached skill level 1 in Unarmed Combat
  2445 | D:4      | Noticed an ogre
  2454 | D:4      | Killed an ogre
  2454 | D:4      | Reached skill level 2 in Unarmed Combat
  2454 | D:4      | Reached XP level 6. HP: 59/62 MP: 5/5
  2536 | D:4      | Reached skill level 3 in Unarmed Combat
  2562 | D:4      | Reached skill level 4 in Unarmed Combat
  2562 | D:4      | Reached XP level 7. HP: 52/71 MP: 6/6
  2775 | D:4      | Found Ygamip's Antique Weapon Boutique.
  3077 | D:5      | Entered Level 5 of the Dungeon
  3083 | D:5      | Reached skill level 5 in Unarmed Combat
  3276 | D:5      | Found a glowing golden altar of the Shining One.
  3312 | D:5      | Found a staircase to the Ecumenical Temple.
  3323 | Temple   | Entered the Ecumenical Temple
  3375 | Temple   | Quit the game

Vault maps used:
D:1:      doesnt_arrival_goblin_jail
D:2:      chequers_ecumenical_altar_simple_redux
D:3:      chequers_temple_overflow_statue_of_worship, serial_aquarium,
          aquarium_bridge_square, aquarium_bridge_island_small,
          aquarium_window_1, aquarium_window_fake, aquarium_view_2a,
          aquarium_balcony_5b, aquarium_pool_2
D:4:      serial_shops, shop
D:5:      tso_oasis_becter, grunt_dithmenos_shadows, minmay_temple_entry_hall,
          first_bread
Temple:   cyrus_circular_temple

Skill      XL: |  1  2  3  4  5  6  7 |
---------------+----------------------+-----
Maces & Flails | 2 3 4 |  4.1
Fighting       | 3 4 |  4.7
Unarmed Combat | 2 4 5 |  5.0
Dodging        | |  2.4
Shields        | |  2.4

Action                   |  1- 3 |  4- 6 |  7- 9 || total
-------------------------+-------+-------+-------++-------
Melee: Flail             |   182 |    63 |       ||   245
       Unarmed           |       |    34 |    29 ||    63
  Eat: Chunk             |    21 |     9 |     6 ||    36
Armor: Robe              |    68 |    44 |     1 ||   113
Dodge: Dodged            |    60 |    42 |     6 ||   108
Block: Shield            |   104 |    59 |    13 ||   176
